WCHLSIM.com - West Coast Hockey League
html PUBLIC "-//W3C//DTD XHTML 1.0 Transitional//EN" "http://www.w3.org/TR/xhtml1/DTD/xhtml1-transitional.dtd"> WCHL - Game 468 - UTAH ICE BEARS vs SALEM BLACK JAYS

UTAH ICE BEARS vs SALEM BLACK JAYS

Created - 19 janvier 2021 at 22:11

Goals
1 2 3 T
UTAH ICE BEARS 1 0 0 1
SALEM BLACK JAYS 1 3 2 6
Shots
1 2 3 T
UTAH ICE BEARS 8 10 1 19
SALEM BLACK JAYS 10 10 16 36

1st period

1. SALEM BLACK JAYS , Mitchell Marner 16 (Josh Leivo 13, Mathew Barzal 23) at 12:06
2. UTAH ICE BEARS , Alexander Edler 4 (Nicholas Paul 7, T.J. Brodie 4) at 16:33 (PP)

Penalties :
MacKenzie Weegar (UTA) for Tripping (Minor) at 1:21, Alex Galchenyuk (UTA) for Roughing (Double Minor) at 6:02, Cody Ceci (SAL) for High sticking (Minor) at 14:42

2nd period

3. SALEM BLACK JAYS , Mitchell Marner 17 (Mathew Barzal 24, Jason Demers 8) at 0:34
4. SALEM BLACK JAYS , Mitchell Marner 18 (Dylan Larkin 21) at 6:50 (PP)
5. SALEM BLACK JAYS , Mathew Barzal 20 (Mitchell Marner 18, Joshua Morrissey 2) at 8:08

Penalties :
Jason Demers (SAL) for Roughing (Minor) at 2:16, Zachary Sanford (UTA) for Hooking (Minor) at 5:41, MacKenzie Weegar (UTA) for Hooking (Minor) at 8:11, Blake Lizotte (UTA) for High sticking (Minor) at 15:20

3rd period

6. SALEM BLACK JAYS , Mikko Rantanen 18 (Dylan Larkin 22, Scott Mayfield 6) at 4:15
7. SALEM BLACK JAYS , Par Lindholm 1 (Filip Chytil 2, Joshua Morrissey 3) at 14:12

Penalties :
Erik Gudbranson (UTA) for Holding (Minor) at 4:58, Matthew Calvert (SAL) for Slashing (Minor) at 9:38, Valentin Zykov (UTA) for Hooking (Minor) at 14:13, Zachary Sanford (UTA) for Hooking (Minor) at 18:26

Goalie Stats

Devan Dubnyk (UTA), 18 saves from 20 shots - (0,900), 31:52 minutes
Thatcher Demko (UTA), 12 saves from 16 shots - (0,750), L, 1-10-2, 28:08 minutes
Juuse Saros (SAL), 18 saves from 19 shots - (0,947), W, 7-3-1, 60:00 minutes

Players Stats for UTAH ICE BEARS

Player Name              G  A  P  +/- PIM S  H  SB GA TA FO     MP     PP MP  PK MP  
------------------------------------------------------------------------------------
Alex Galchenyuk          0  0  0  -3  4   2  0  0  0  0  4/14   14:22   3:34   0:38 
Alexander Edler          1  0  1  -2  0   2  0  2  0  0  0/0    25:38   2:52   9:17 
Andrew Mangiapane        0  0  0  -3  0   2  0  0  0  0  0/0    20:32   3:34   6:47 
Artem Anisimov           0  0  0  -1  0   2  0  0  0  0  15/26  24:35   2:15   9:02 
Blake Lizotte            0  0  0  -1  2   1  4  1  0  0  7/17   13:14   0:00   0:00 
Erik Gudbranson          0  0  0  -1  2   1  2  0  0  0  0/0    21:20   2:57   6:59 
Jakub Lauko              0  0  0   0  0   0  0  0  0  0  0/0     0:51   0:00   0:00 
Kyle Okposo              0  0  0  -1  0   1  1  0  0  0  6/10   18:04   2:15   6:03 
MacKenzie Weegar         0  0  0  -1  4   1  0  0  0  0  0/0    20:10   2:57   5:50 
Nathan Walker            0  0  0   0  0   0  0  0  0  0  0/0     4:23   0:00   0:00 
Nicholas Paul            0  1  1  -1  0   2  2  1  0  0  1/1    21:12   2:15   9:11 
Radim Simek              0  0  0  -2  0   2  1  0  0  0  0/0    13:14   0:00   0:33 
Robert Lantosi           0  0  0  -1  0   1  0  0  0  0  0/1    13:15   0:00   0:00 
Ross Colton              0  0  0   0  0   0  0  0  0  0  4/6     5:54   0:00   1:31 
T.J. Brodie              0  1  1  -2  0   0  0  1  0  0  0/0    24:31   2:52   8:10 
Troy Stecher             0  0  0  -2  0   0  0  1  0  0  0/0    15:04   0:00   2:23 
Valentin Zykov           0  0  0  -1  2   0  0  0  0  0  0/0    13:14   0:00   0:00 
Zachary Sanford          0  0  0  -3  4   2  7  0  0  0  0/3    13:43   3:34   0:00 

Players Stats for SALEM BLACK JAYS

Player Name              G  A  P  +/- PIM S  H  SB GA TA FO     MP     PP MP  PK MP  
------------------------------------------------------------------------------------
Andreas Athanasiou       0  0  0   0  0   4  0  0  0  0  1/2    19:44   8:22   2:29 
Casey Cizikas            0  0  0   0  0   0  1  0  0  0  11/17  12:23   0:57   2:33 
Cody Ceci                0  0  0   1  2   1  2  2  0  0  0/0    21:30   7:13   2:09 
Dylan Larkin             0  2  2   1  0   4  3  0  0  0  14/26  19:22   8:22   0:29 
Filip Chytil             0  1  1   1  0   1  0  0  0  0  6/10    7:19   0:00   2:47 
Jason Demers             0  1  1   1  2   0  1  1  0  0  0/0    14:28   0:00   2:20 
Josh Leivo               0  1  1   3  0   1  2  0  0  0  0/0    21:49   8:10   0:00 
Joshua Morrissey         0  2  2   3  0   1  0  0  0  0  0/0    23:43   8:30   0:38 
Martin Necas             0  0  0   0  0   1  0  0  0  0  0/0     8:53   0:00   0:00 
Mathew Barzal            1  2  3   3  0   3  3  1  0  0  5/18   21:53   8:14   0:00 
Matthew Calvert          0  0  0   1  2   0  1  0  0  0  0/0    10:56   0:00   0:26 
Matthew Highmore         0  0  0   1  0   0  0  0  0  0  0/0     7:02   0:00   2:30 
Mikko Rantanen           1  0  1   1  0   5  0  0  0  0  3/3    18:45   8:14   0:00 
Mitchell Marner          3  1  4   3  0   9  1  0  0  0  1/2    21:08   7:29   0:00 
Nick Jensen              0  0  0   1  0   1  0  0  0  0  0/0    14:09   0:53   2:25 
Par Lindholm             1  0  1   1  0   2  0  0  0  0  0/0     4:56   0:00   0:24 
Scott Mayfield           0  1  1   3  0   0  0  0  0  0  0/0    23:49   7:13   2:01 
Travis Dermott           0  0  0   1  0   3  3  0  0  0  0/0    22:19   9:23   2:05 

3 Stars

1 - Mitchell Marner (SAL)
2 - Mathew Barzal (SAL)
3 - Joshua Morrissey (SAL)

Power Play

UTAH ICE BEARS - 1 on 3 Attempt(s) - 33,33%
SALEM BLACK JAYS - 1 on 9 Attempt(s) - 11,11%

Penalty Kill

UTAH ICE BEARS - 8 on 9 Attempt(s) - 88,89% - Score 0 goal in Penalty Kill
SALEM BLACK JAYS - 2 on 3 Attempt(s) - 66,67% - Score 0 goal in Penalty Kill

Team Stat

UTAH ICE BEARS - Hits : 17 - Faceoff Wins : 37 - Blocked Shots : 6 - Penalty Minutes : 18
SALEM BLACK JAYS - Hits : 17 - Faceoff Wins : 41 - Blocked Shots : 4 - Penalty Minutes : 6

Official

Referees : Steve Kozari and Francois St-Laurent
Linesman : Vaughan Rody and Neil Campbell

Game Notes

Mitchell Marner has scored a Hat Trick!
Devan Dubnyk enters game at 8:08 of 2nd period

Finance

Level 1 -- Attendance: 6000 (100,00%) -- Ticket Income 918 000 $
Level 2 -- Attendance: 5000 (100,00%) -- Ticket Income 535 000 $
Level 3 -- Attendance: 2000 (100,00%) -- Ticket Income 164 000 $
Level 4 -- Attendance: 3742 (93,55%) -- Ticket Income 224 520 $
Luxury Box -- Attendance: 894 (89,40%) -- Ticket Income 249 426 $
Game was played at the Demon Arena.
Total Attendance: 17636 (97,98%)
Total Ticket Income: 2 090 946 $
Other Expense: 20 909 $
Total Income: 2 070 037 $

UTAH ICE BEARS

5 vs 5 Forward 
   Center                   Left Wing                Right Wing               Time % Phy DF OF 
 1 Artem Anisimov           Nicholas Paul            Kyle Okposo              36     1   2  2  
 2 Alex Galchenyuk          Andrew Mangiapane        Zachary Sanford          31     1   2  2  
 3 Blake Lizotte            Valentin Zykov           Robert Lantosi           23     1   2  2  
 4 Ross Colton              Nathan Walker            Artem Anisimov           10     1   2  2  

5 vs 5 Defense 
   Defense                  Defense                                           Time % Phy DF OF 
 1 Alexander Edler          T.J. Brodie                                       36     1   2  2  
 2 MacKenzie Weegar         Erik Gudbranson                                   31     1   2  2  
 3 Radim Simek              Troy Stecher                                      23     1   2  2  
 4 Alexander Edler          T.J. Brodie                                       10     1   2  2  

PowerPlay Forward 
   Center                   Left Wing                Right Wing               Time % Phy DF OF 
 1 Artem Anisimov           Nicholas Paul            Kyle Okposo              55     1   2  2  
 2 Alex Galchenyuk          Andrew Mangiapane        Zachary Sanford          45     1   2  2  

PowerPlay Defense
   Defense                  Defense                                           Time % Phy DF OF 
 1 Alexander Edler          T.J. Brodie                                       55     1   2  2  
 2 MacKenzie Weegar         Erik Gudbranson                                   45     1   2  2  

Penalty Kill 4 Players Forward 
   Center                   Wing                     Time % Phy DF OF 
 1 Artem Anisimov           Nicholas Paul            55     1   2  2  
 2 Kyle Okposo              Andrew Mangiapane        45     1   2  2  

Penalty Kill 4 Players Defense
   Defense                  Defense                  Time % Phy DF OF 
 1 Alexander Edler          T.J. Brodie              55     1   2  2  
 2 MacKenzie Weegar         Erik Gudbranson          45     1   2  2  

Penalty Kill - 3 Players Forward 
   Forward                                           Time % Phy DF OF 
 1 Artem Anisimov                                    55     1   2  2  
 2 Nicholas Paul                                     45     1   2  2  

Penalty Kill - 3 Players Defense
   Defense                  Defense                  Time % Phy DF OF 
 1 Alexander Edler          T.J. Brodie              55     1   2  2  
 2 MacKenzie Weegar         Erik Gudbranson          45     1   2  2  

4 vs 4 Forward 
   Center                   Wing                     Time % Phy DF OF 
 1 Artem Anisimov           Nicholas Paul            55     1   2  2  
 2 Kyle Okposo              Andrew Mangiapane        45     1   2  2  

4 vs 4 Defense
   Defense                  Defense                  Time % Phy DF OF 
 1 Alexander Edler          T.J. Brodie              55     1   2  2  
 2 MacKenzie Weegar         Erik Gudbranson          45     1   2  2  

Last Minutes Offensive
   Center                   Left Wing                Right Wing               Defense                  Defense                  
   Artem Anisimov           Nicholas Paul            Kyle Okposo              Alexander Edler          T.J. Brodie              

Last Minutes Defensive
   Center                   Left Wing                Right Wing               Defense                  Defense                  
   Artem Anisimov           Nicholas Paul            Kyle Okposo              Alexander Edler          T.J. Brodie              

Goaltenders
Starting : Thatcher Demko           
Backup : Devan Dubnyk             

Extra Forwards
Normal : Jakub Lauko, Blake Lizotte, Ross Colton - PP : Jakub Lauko, Blake Lizotte - PK : Ross Colton
Extra Defensemen
Normal : Radim Simek, Troy Stecher, MacKenzie Weegar - PP : Radim Simek - PK : Troy Stecher, MacKenzie Weegar
Penalty Shots
Artem Anisimov, Nicholas Paul, Kyle Okposo, Andrew Mangiapane, Zachary Sanford
Custom OT Lines Forwards
Artem Anisimov, Nicholas Paul, Kyle Okposo, Andrew Mangiapane, Zachary Sanford, Alex Galchenyuk, Blake Lizotte, Ross Colton, Valentin Zykov, Robert Lantosi
Custom OT Lines Defensemen
Alexander Edler, T.J. Brodie, MacKenzie Weegar, Erik Gudbranson, Radim Simek

Scratches
Vladimir Sobotka (Strained Left Knee Injury)

SALEM BLACK JAYS

5 vs 5 Forward 
   Center                   Left Wing                Right Wing               Time % Phy DF OF 
 1 Mathew Barzal            Josh Leivo               Mitchell Marner          36     0   1  4  
 2 Dylan Larkin             Matthew Calvert          Mikko Rantanen           31     0   1  4  
 3 Casey Cizikas            Andreas Athanasiou       Martin Necas             23     0   2  3  
 4 Filip Chytil             Par Lindholm             Matthew Highmore         10     1   2  2  

5 vs 5 Defense 
   Defense                  Defense                                           Time % Phy DF OF 
 1 Scott Mayfield           Joshua Morrissey                                  36     0   4  1  
 2 Jason Demers             Cody Ceci                                         31     0   4  1  
 3 Travis Dermott           Nick Jensen                                       23     0   4  1  
 4 Scott Mayfield           Cody Ceci                                         10     0   3  2  

PowerPlay Forward 
   Center                   Left Wing                Right Wing               Time % Phy DF OF 
 1 Mathew Barzal            Josh Leivo               Mikko Rantanen           55     0   1  4  
 2 Dylan Larkin             Andreas Athanasiou       Mitchell Marner          45     0   1  4  

PowerPlay Defense
   Defense                  Defense                                           Time % Phy DF OF 
 1 Joshua Morrissey         Travis Dermott                                    55     0   0  5  
 2 Cody Ceci                Scott Mayfield                                    45     0   0  5  

Penalty Kill 4 Players Forward 
   Center                   Wing                     Time % Phy DF OF 
 1 Casey Cizikas            Matthew Highmore         55     1   3  1  
 2 Filip Chytil             Andreas Athanasiou       45     1   3  1  

Penalty Kill 4 Players Defense
   Defense                  Defense                  Time % Phy DF OF 
 1 Scott Mayfield           Nick Jensen              55     1   2  2  
 2 Cody Ceci                Jason Demers             45     1   2  2  

Penalty Kill - 3 Players Forward 
   Forward                                           Time % Phy DF OF 
 1 Casey Cizikas                                     55     1   3  1  
 2 Filip Chytil                                      45     1   3  1  

Penalty Kill - 3 Players Defense
   Defense                  Defense                  Time % Phy DF OF 
 1 Scott Mayfield           Nick Jensen              55     1   2  2  
 2 Cody Ceci                Jason Demers             45     1   2  2  

4 vs 4 Forward 
   Center                   Wing                     Time % Phy DF OF 
 1 Dylan Larkin             Mitchell Marner          55     1   2  2  
 2 Mathew Barzal            Mikko Rantanen           45     1   2  2  

4 vs 4 Defense
   Defense                  Defense                  Time % Phy DF OF 
 1 Nick Jensen              Joshua Morrissey         55     1   2  2  
 2 Cody Ceci                Travis Dermott           45     1   2  2  

Last Minutes Offensive
   Center                   Left Wing                Right Wing               Defense                  Defense                  
   Mathew Barzal            Dylan Larkin             Mitchell Marner          Jason Demers             Joshua Morrissey         

Last Minutes Defensive
   Center                   Left Wing                Right Wing               Defense                  Defense                  
   Mathew Barzal            Dylan Larkin             Mitchell Marner          Jason Demers             Joshua Morrissey         

Goaltenders
Starting : Juuse Saros              
Backup : Elvis Merzlikins         

Extra Forwards
Normal : Casey Cizikas, Martin Necas, Filip Chytil - PP : Casey Cizikas, Filip Chytil - PK : Matthew Calvert
Extra Defensemen
Normal : Nick Jensen, Travis Dermott, Cody Ceci - PP : Nick Jensen - PK : Travis Dermott, Cody Ceci
Penalty Shots
Mikko Rantanen, Mitchell Marner, Mathew Barzal, Dylan Larkin, Josh Leivo
Custom OT Lines Forwards
Mathew Barzal, Dylan Larkin, Mitchell Marner, Mikko Rantanen, Josh Leivo, Matthew Calvert, Casey Cizikas, Martin Necas, Filip Chytil, Andreas Athanasiou
Custom OT Lines Defensemen
Cody Ceci, Joshua Morrissey, Jason Demers, Scott Mayfield, Nick Jensen

Scratches
Michal Kempny (Left Hip Injury), Scott Harrington (Healthy)

% Time on Ice - UTAH ICE BEARS

Lines # - Real PCT - Wanted PCT - Time Play
Normal Forward
1 - 26% - 36% - 9:46
2 - 27% - 31% - 10:11
3 - 35% - 23% - 13:15
4 - 12% - 10% - 4:23
Normal Defense
1 - 36% - 36% - 13:29
2 - 30% - 31% - 11:25
3 - 34% - 23% - 12:41
4 - 0% - 10% - 0:00
PP Forward
1 - 39% - 55% - 2:15
2 - 61% - 45% - 3:34
PP Defense
1 - 49% - 55% - 2:52
2 - 51% - 45% - 2:57
PK Forward
1 - 59% - 55% - 9:48
2 - 41% - 45% - 6:48
PK Defense
1 - 49% - 55% - 8:10
2 - 51% - 45% - 8:26
PK3 Forward
1 - 0% - 55%
2 - 0% - 45%
PK3 Defense
1 - 0% - 55%
2 - 0% - 45%
44 Forward
1 - 0% - 55%
2 - 0% - 45%
44 Defense
1 - 0% - 55%
2 - 0% - 45%
Last Minute Offensive  - 0:00
Last Minute Defensive  - 0:00
Total
Forward - 60:00
Defense - 60:00

% Time on Ice - SALEM BLACK JAYS

Lines # - Real PCT - Wanted PCT - Time Play
Normal Forward
1 - 36% - 36% - 13:39
2 - 28% - 31% - 10:31
3 - 24% - 23% - 8:53
4 - 12% - 10% - 4:32
Normal Defense
1 - 39% - 36% - 14:35
2 - 32% - 31% - 12:09
3 - 29% - 23% - 10:51
4 - 0% - 10% - 0:00
PP Forward
1 - 50% - 55% - 8:14
2 - 50% - 45% - 8:22
PP Defense
1 - 57% - 55% - 9:23
2 - 43% - 45% - 7:13
PK Forward
1 - 52% - 55% - 3:02
2 - 48% - 45% - 2:47
PK Defense
1 - 42% - 55% - 2:25
2 - 58% - 45% - 3:24
PK3 Forward
1 - 0% - 55%
2 - 0% - 45%
PK3 Defense
1 - 0% - 55%
2 - 0% - 45%
44 Forward
1 - 0% - 55%
2 - 0% - 45%
44 Defense
1 - 0% - 55%
2 - 0% - 45%
Last Minute Offensive  - 0:00
Last Minute Defensive  - 0:00
Total
Forward - 60:00
Defense - 60:00

Play-by-Play

1st period


0:01 of 1st period - Mitchell Marner wins face-off versus Artem Anisimov in neutral zone.
0:10 of 1st period - Shot by Mitchell Marner.
0:10 of 1st period - Shot Misses the Net.
0:12 of 1st period - Shot by Scott Mayfield.
0:12 of 1st period - Shot Misses the Net.
0:14 of 1st period - Shot by Mitchell Marner.
0:14 of 1st period - Shot Misses the Net.
0:16 of 1st period - Shot by Mathew Barzal.
0:16 of 1st period - Shot Blocked by T.J. Brodie.
0:40 of 1st period - Shot by Mathew Barzal.
0:40 of 1st period - Shot Blocked by Alexander Edler.
0:42 of 1st period - Shot by Mathew Barzal.
0:42 of 1st period - Shot Misses the Net.
0:44 of 1st period - Shot by Mathew Barzal.
0:44 of 1st period - Shot Hit the Post.
0:46 of 1st period - Shot by Mathew Barzal.
0:46 of 1st period - Shot Blocked by Alexander Edler.
1:21 of 1st period - Minor Penalty to MacKenzie Weegar for Tripping.
1:22 of 1st period - Ross Colton wins face-off versus Dylan Larkin in UTAH ICE BEARS zone.
1:22 of 1st period - Ross Colton is hit by Dylan Larkin.
3:23 of 1st period - Icing by Mathew Barzal.
3:24 of 1st period - Filip Chytil wins face-off versus Blake Lizotte in SALEM BLACK JAYS zone.
3:26 of 1st period - Icing by Matthew Highmore.
3:27 of 1st period - Blake Lizotte wins face-off versus Filip Chytil in SALEM BLACK JAYS zone.
3:27 of 1st period - Troy Stecher is hit by Jason Demers and loses puck.
3:33 of 1st period - Blake Lizotte is hit by Cody Ceci and loses puck.
3:42 of 1st period - Shot by Robert Lantosi.
3:42 of 1st period - Stopped by Juuse Saros without a rebound.
3:43 of 1st period - Alex Galchenyuk wins face-off versus Casey Cizikas in SALEM BLACK JAYS zone.
3:51 of 1st period - Zachary Sanford is hit by Travis Dermott and loses puck.
4:09 of 1st period - Off-side.
4:10 of 1st period - Dylan Larkin wins face-off versus Blake Lizotte in neutral zone.
5:10 of 1st period - Artem Anisimov is hit by Mathew Barzal and loses puck.
5:33 of 1st period - Shot by Mitchell Marner.
5:33 of 1st period - Shot Misses the Net.
5:59 of 1st period - Shot by Alex Galchenyuk.
5:59 of 1st period - Shot Blocked by Mathew Barzal.
6:02 of 1st period - Double Minor Penalty to Alex Galchenyuk for Roughing.
6:03 of 1st period - Dylan Larkin wins face-off versus Ross Colton in UTAH ICE BEARS zone.
6:16 of 1st period - Shot by Mitchell Marner.
6:16 of 1st period - Shot Misses the Net.
6:24 of 1st period - Shot by Mitchell Marner.
6:24 of 1st period - Stopped by Thatcher Demko with a rebound.
6:26 of 1st period - Shot by Dylan Larkin.
6:26 of 1st period - Stopped by Thatcher Demko without a rebound.
6:27 of 1st period - Artem Anisimov wins face-off versus Mathew Barzal in UTAH ICE BEARS zone.
7:12 of 1st period - Shot by Dylan Larkin.
7:12 of 1st period - Shot Misses the Net.
7:14 of 1st period - Shot by Dylan Larkin.
7:14 of 1st period - Shot Misses the Net.
7:16 of 1st period - Shot by Travis Dermott.
7:16 of 1st period - Stopped by Thatcher Demko without a rebound.
7:17 of 1st period - Dylan Larkin wins face-off versus Kyle Okposo in UTAH ICE BEARS zone.
7:30 of 1st period - Icing by Travis Dermott.
7:31 of 1st period - Kyle Okposo wins face-off versus Dylan Larkin in SALEM BLACK JAYS zone.
8:21 of 1st period - Shot by Cody Ceci.
8:21 of 1st period - Shot Misses the Net.
8:23 of 1st period - Shot by Cody Ceci.
8:23 of 1st period - Stopped by Thatcher Demko without a rebound.
8:24 of 1st period - Artem Anisimov wins face-off versus Mathew Barzal in UTAH ICE BEARS zone.
9:27 of 1st period - Shot by Dylan Larkin.
9:27 of 1st period - Stopped by Thatcher Demko without a rebound.
9:28 of 1st period - Mikko Rantanen wins face-off versus Kyle Okposo in UTAH ICE BEARS zone.
9:31 of 1st period - Shot by Mathew Barzal.
9:31 of 1st period - Stopped by Thatcher Demko without a rebound.
9:32 of 1st period - Mikko Rantanen wins face-off versus Kyle Okposo in UTAH ICE BEARS zone.
10:41 of 1st period - Icing by Casey Cizikas.
10:42 of 1st period - Casey Cizikas wins face-off versus Alex Galchenyuk in SALEM BLACK JAYS zone.
10:47 of 1st period - Shot by Casey Cizikas.
10:47 of 1st period - Shot Misses the Net.
10:53 of 1st period - Shot by Andrew Mangiapane.
10:53 of 1st period - Shot Misses the Net.
10:55 of 1st period - Shot by Erik Gudbranson.
10:55 of 1st period - Stopped by Juuse Saros without a rebound.
10:56 of 1st period - Dylan Larkin wins face-off versus Ross Colton in SALEM BLACK JAYS zone.
11:13 of 1st period - Shot by Dylan Larkin.
11:13 of 1st period - Shot Misses the Net.
11:42 of 1st period - Icing by Alexander Edler.
11:43 of 1st period - Ross Colton wins face-off versus Mitchell Marner in UTAH ICE BEARS zone.
12:06 of 1st period - Shot by Mitchell Marner.
12:06 of 1st period - Goal by Mitchell Marner - UTAH ICE BEARS : 0 - SALEM BLACK JAYS : 1.
12:07 of 1st period - Blake Lizotte wins face-off versus Casey Cizikas in neutral zone.
12:10 of 1st period - Shot by Valentin Zykov.
12:10 of 1st period - Deflect By Blake Lizotte.
12:10 of 1st period - Stopped by Juuse Saros with a rebound.
12:22 of 1st period - Shot by Radim Simek.
12:22 of 1st period - Stopped by Juuse Saros without a rebound.
12:23 of 1st period - Mathew Barzal wins face-off versus Zachary Sanford in SALEM BLACK JAYS zone.
12:23 of 1st period - Mathew Barzal is hit by Zachary Sanford.
12:59 of 1st period - Shot by Zachary Sanford.
12:59 of 1st period - Deflect By Andrew Mangiapane.
12:59 of 1st period - Stopped by Juuse Saros without a rebound.
13:00 of 1st period - Dylan Larkin wins face-off versus Artem Anisimov in SALEM BLACK JAYS zone.
13:00 of 1st period - Dylan Larkin is hit by Nicholas Paul.
13:08 of 1st period - Shot by Mikko Rantanen.
13:08 of 1st period - Stopped by Thatcher Demko without a rebound.
13:09 of 1st period - Artem Anisimov wins face-off versus Dylan Larkin in UTAH ICE BEARS zone.
13:09 of 1st period - Artem Anisimov is hit by Matthew Calvert.
13:12 of 1st period - Icing by Alexander Edler.
13:13 of 1st period - Dylan Larkin wins face-off versus Artem Anisimov in UTAH ICE BEARS zone.
14:36 of 1st period - Icing by MacKenzie Weegar.
14:37 of 1st period - Alex Galchenyuk wins face-off versus Casey Cizikas in UTAH ICE BEARS zone.
14:41 of 1st period - Zachary Sanford is hit by Cody Ceci and loses puck.
14:42 of 1st period - Minor Penalty to Cody Ceci for High sticking.
14:43 of 1st period - Artem Anisimov wins face-off versus Casey Cizikas in SALEM BLACK JAYS zone.
15:04 of 1st period - Shot by Alexander Edler.
15:04 of 1st period - Shot Misses the Net.
15:57 of 1st period - Icing by Zachary Sanford.
15:58 of 1st period - Casey Cizikas wins face-off versus Alex Galchenyuk in UTAH ICE BEARS zone.
16:31 of 1st period - Shot by Alexander Edler.
16:31 of 1st period - Shot Misses the Net.
16:33 of 1st period - Shot by Alexander Edler.
16:33 of 1st period - Goal by Alexander Edler - UTAH ICE BEARS : 1 - SALEM BLACK JAYS : 1.
16:34 of 1st period - Blake Lizotte wins face-off versus Mathew Barzal in neutral zone.
17:02 of 1st period - Icing by Troy Stecher.
17:03 of 1st period - Casey Cizikas wins face-off versus Blake Lizotte in UTAH ICE BEARS zone.
17:12 of 1st period - Shot by Andreas Athanasiou.
17:12 of 1st period - Shot Misses the Net.
17:27 of 1st period - Off-side.
17:28 of 1st period - Artem Anisimov wins face-off versus Mathew Barzal in neutral zone.
17:39 of 1st period - Shot by Nicholas Paul.
17:39 of 1st period - Stopped by Juuse Saros without a rebound.
17:40 of 1st period - Dylan Larkin wins face-off versus Artem Anisimov in SALEM BLACK JAYS zone.
18:43 of 1st period - Shot by Zachary Sanford.
18:43 of 1st period - Shot Hit the Post.
18:45 of 1st period - Shot by Andrew Mangiapane.
18:45 of 1st period - Deflect By Alex Galchenyuk.
18:45 of 1st period - Stopped by Juuse Saros without a rebound.
18:46 of 1st period - Casey Cizikas wins face-off versus Blake Lizotte in SALEM BLACK JAYS zone.
18:46 of 1st period - Casey Cizikas is hit by Blake Lizotte.
18:49 of 1st period - Andreas Athanasiou is hit by Blake Lizotte.
19:09 of 1st period - Shot by Martin Necas.
19:09 of 1st period - Shot Misses the Net.
19:11 of 1st period - Shot by Nick Jensen.
19:11 of 1st period - Shot Blocked by Troy Stecher.
19:15 of 1st period - Shot by Casey Cizikas.
19:15 of 1st period - Shot Blocked by Blake Lizotte.
19:17 of 1st period - Shot by Andreas Athanasiou.
19:17 of 1st period - Stopped by Thatcher Demko with a rebound.
19:19 of 1st period - Shot by Travis Dermott.
19:19 of 1st period - Stopped by Thatcher Demko with a rebound.
19:59 of 1st period - Travis Dermott is hit by Zachary Sanford and loses puck.
Goals for this period are 1 for UTAH ICE BEARS vs 1 for SALEM BLACK JAYS.
Shots for this period are 8 for UTAH ICE BEARS vs 10 for SALEM BLACK JAYS.

2nd period


0:01 of 2nd period - Mathew Barzal wins face-off versus Artem Anisimov in neutral zone.
0:32 of 2nd period - Shot by Mitchell Marner.
0:32 of 2nd period - Shot Blocked by Nicholas Paul.
0:34 of 2nd period - Shot by Mathew Barzal.
0:34 of 2nd period - Deflect By Mitchell Marner.
0:34 of 2nd period - Goal by Mitchell Marner - UTAH ICE BEARS : 1 - SALEM BLACK JAYS : 2.
0:35 of 2nd period - Dylan Larkin wins face-off versus Alex Galchenyuk in neutral zone.
0:54 of 2nd period - Shot by Alex Galchenyuk.
0:54 of 2nd period - Shot Misses the Net.
0:56 of 2nd period - Shot by Zachary Sanford.
0:56 of 2nd period - Deflect By Alex Galchenyuk.
0:56 of 2nd period - Stopped by Juuse Saros without a rebound.
0:57 of 2nd period - Filip Chytil wins face-off versus Blake Lizotte in SALEM BLACK JAYS zone.
1:04 of 2nd period - Shot by Filip Chytil.
1:04 of 2nd period - Stopped by Thatcher Demko with a rebound.
2:15 of 2nd period - Shot by Kyle Okposo.
2:15 of 2nd period - Deflect By Artem Anisimov.
2:15 of 2nd period - Shot Misses the Net.
2:16 of 2nd period - Minor Penalty to Jason Demers for Roughing.
2:17 of 2nd period - Casey Cizikas wins face-off versus Alex Galchenyuk in SALEM BLACK JAYS zone.
2:17 of 2nd period - Casey Cizikas is hit by Zachary Sanford.
2:52 of 2nd period - Shot by Alexander Edler.
2:52 of 2nd period - Stopped by Juuse Saros without a rebound.
2:53 of 2nd period - Artem Anisimov wins face-off versus Casey Cizikas in SALEM BLACK JAYS zone.
3:08 of 2nd period - Shot by Nicholas Paul.
3:08 of 2nd period - Shot Blocked by Cody Ceci.
3:30 of 2nd period - Shot by Artem Anisimov.
3:30 of 2nd period - Stopped by Juuse Saros without a rebound.
3:31 of 2nd period - Filip Chytil wins face-off versus Alex Galchenyuk in SALEM BLACK JAYS zone.
4:23 of 2nd period - Mathew Barzal is hit by Radim Simek and loses puck.
5:17 of 2nd period - MacKenzie Weegar is hit by Dylan Larkin and loses puck.
5:28 of 2nd period - Shot by Nicholas Paul.
5:28 of 2nd period - Stopped by Juuse Saros without a rebound.
5:29 of 2nd period - Casey Cizikas wins face-off versus Artem Anisimov in SALEM BLACK JAYS zone.
5:40 of 2nd period - Off-side.
5:41 of 2nd period - Filip Chytil wins face-off versus Alex Galchenyuk in neutral zone.
5:41 of 2nd period - Minor Penalty to Zachary Sanford for Hooking.
5:42 of 2nd period - Artem Anisimov wins face-off versus Mathew Barzal in UTAH ICE BEARS zone.
6:13 of 2nd period - Shot by Mathew Barzal.
6:13 of 2nd period - Deflect By Mikko Rantanen.
6:13 of 2nd period - Stopped by Thatcher Demko with a rebound.
6:15 of 2nd period - Shot by Mathew Barzal.
6:15 of 2nd period - Shot Misses the Net.
6:17 of 2nd period - Shot by Travis Dermott.
6:17 of 2nd period - Stopped by Thatcher Demko with a rebound.
6:19 of 2nd period - Shot by Joshua Morrissey.
6:19 of 2nd period - Shot Misses the Net.
6:36 of 2nd period - Off-side.
6:37 of 2nd period - Dylan Larkin wins face-off versus Kyle Okposo in neutral zone.
6:50 of 2nd period - Shot by Mitchell Marner.
6:50 of 2nd period - Goal by Mitchell Marner - UTAH ICE BEARS : 1 - SALEM BLACK JAYS : 3.
6:51 of 2nd period - Filip Chytil wins face-off versus Blake Lizotte in neutral zone.
6:51 of 2nd period - Par Lindholm is hit by Blake Lizotte and loses puck.
7:20 of 2nd period - Shot by Troy Stecher.
7:20 of 2nd period - Shot Blocked by Jason Demers.
7:37 of 2nd period - Icing by Troy Stecher.
7:38 of 2nd period - Blake Lizotte wins face-off versus Mathew Barzal in UTAH ICE BEARS zone.
8:06 of 2nd period - Shot by Mathew Barzal.
8:06 of 2nd period - Shot Misses the Net.
8:08 of 2nd period - Shot by Mathew Barzal.
8:08 of 2nd period - Goal by Mathew Barzal - UTAH ICE BEARS : 1 - SALEM BLACK JAYS : 4.
8:08 of 2nd period - Devan Dubnyk enters game.
8:09 of 2nd period - Dylan Larkin wins face-off versus Artem Anisimov in neutral zone.
8:11 of 2nd period - Minor Penalty to MacKenzie Weegar for Hooking.
8:12 of 2nd period - Nicholas Paul wins face-off versus Dylan Larkin in UTAH ICE BEARS zone.
8:12 of 2nd period - Nicholas Paul is hit by Dylan Larkin.
8:25 of 2nd period - Icing by Dylan Larkin.
8:26 of 2nd period - Artem Anisimov wins face-off versus Dylan Larkin in SALEM BLACK JAYS zone.
9:38 of 2nd period - Shot by Artem Anisimov.
9:38 of 2nd period - Shot Blocked by Cody Ceci.
10:19 of 2nd period - Shot by Radim Simek.
10:19 of 2nd period - Stopped by Juuse Saros without a rebound.
10:20 of 2nd period - Filip Chytil wins face-off versus Alex Galchenyuk in SALEM BLACK JAYS zone.
10:20 of 2nd period - Filip Chytil is hit by Zachary Sanford.
10:40 of 2nd period - Shot by Zachary Sanford.
10:40 of 2nd period - Stopped by Juuse Saros without a rebound.
10:41 of 2nd period - Casey Cizikas wins face-off versus Blake Lizotte in SALEM BLACK JAYS zone.
10:41 of 2nd period - Casey Cizikas is hit by Blake Lizotte.
10:49 of 2nd period - Shot by Andreas Athanasiou.
10:49 of 2nd period - Stopped by Devan Dubnyk with a rebound.
11:00 of 2nd period - Shot by Blake Lizotte.
11:00 of 2nd period - Shot Misses the Net.
11:27 of 2nd period - Shot by Andrew Mangiapane.
11:27 of 2nd period - Shot Misses the Net.
11:29 of 2nd period - Shot by MacKenzie Weegar.
11:29 of 2nd period - Shot Misses the Net.
11:31 of 2nd period - Shot by MacKenzie Weegar.
11:31 of 2nd period - Stopped by Juuse Saros with a rebound.
13:06 of 2nd period - Shot by Mathew Barzal.
13:06 of 2nd period - Stopped by Devan Dubnyk without a rebound.
13:07 of 2nd period - Dylan Larkin wins face-off versus Blake Lizotte in UTAH ICE BEARS zone.
13:13 of 2nd period - Mikko Rantanen is hit by Erik Gudbranson and loses puck.
14:00 of 2nd period - Shot by Zachary Sanford.
14:00 of 2nd period - Shot Misses the Net.
14:02 of 2nd period - Shot by Radim Simek.
14:02 of 2nd period - Shot Misses the Net.
14:40 of 2nd period - Shot by Mitchell Marner.
14:40 of 2nd period - Stopped by Devan Dubnyk without a rebound.
14:41 of 2nd period - Artem Anisimov wins face-off versus Mathew Barzal in UTAH ICE BEARS zone.
15:15 of 2nd period - Shot by Artem Anisimov.
15:15 of 2nd period - Stopped by Juuse Saros without a rebound.
15:16 of 2nd period - Blake Lizotte wins face-off versus Filip Chytil in SALEM BLACK JAYS zone.
15:20 of 2nd period - Minor Penalty to Blake Lizotte for High sticking.
15:21 of 2nd period - Kyle Okposo wins face-off versus Dylan Larkin in UTAH ICE BEARS zone.
17:03 of 2nd period - Shot by Artem Anisimov.
17:03 of 2nd period - Shot Misses the Net.
17:06 of 2nd period - Icing by Scott Mayfield.
17:07 of 2nd period - Kyle Okposo wins face-off versus Dylan Larkin in SALEM BLACK JAYS zone.
17:18 of 2nd period - Shot by Mitchell Marner.
17:18 of 2nd period - Stopped by Devan Dubnyk without a rebound.
17:19 of 2nd period - Kyle Okposo wins face-off versus Mathew Barzal in UTAH ICE BEARS zone.
17:28 of 2nd period - Shot by Blake Lizotte.
17:28 of 2nd period - Shot Misses the Net.
18:32 of 2nd period - Shot by Andrew Mangiapane.
18:32 of 2nd period - Stopped by Juuse Saros with a rebound.
18:34 of 2nd period - Shot by Andrew Mangiapane.
18:34 of 2nd period - Shot Misses the Net.
18:46 of 2nd period - Shot by Zachary Sanford.
18:46 of 2nd period - Stopped by Juuse Saros without a rebound.
18:47 of 2nd period - Artem Anisimov wins face-off versus Mathew Barzal in SALEM BLACK JAYS zone.
19:44 of 2nd period - Shot by Zachary Sanford.
19:44 of 2nd period - Shot Misses the Net.
19:58 of 2nd period - Shot by Mikko Rantanen.
19:58 of 2nd period - Deflect By Dylan Larkin.
19:58 of 2nd period - Shot Misses the Net.
Goals for this period are 0 for UTAH ICE BEARS vs 3 for SALEM BLACK JAYS.
Shots for this period are 10 for UTAH ICE BEARS vs 10 for SALEM BLACK JAYS.

3rd period


0:01 of 3rd period - Dylan Larkin wins face-off versus Artem Anisimov in neutral zone.
0:01 of 3rd period - Dylan Larkin is hit by Nicholas Paul.
0:07 of 3rd period - Shot by Dylan Larkin.
0:07 of 3rd period - Stopped by Devan Dubnyk without a rebound.
0:08 of 3rd period - Artem Anisimov wins face-off versus Dylan Larkin in UTAH ICE BEARS zone.
0:53 of 3rd period - Shot by Mikko Rantanen.
0:53 of 3rd period - Stopped by Devan Dubnyk with a rebound.
1:25 of 3rd period - Shot by Mitchell Marner.
1:25 of 3rd period - Stopped by Devan Dubnyk without a rebound.
1:26 of 3rd period - Casey Cizikas wins face-off versus Alex Galchenyuk in UTAH ICE BEARS zone.
1:27 of 3rd period - Shot by Andreas Athanasiou.
1:27 of 3rd period - Stopped by Devan Dubnyk without a rebound.
1:28 of 3rd period - Casey Cizikas wins face-off versus Alex Galchenyuk in UTAH ICE BEARS zone.
1:29 of 3rd period - Shot by Andreas Athanasiou.
1:29 of 3rd period - Shot Misses the Net.
1:31 of 3rd period - Shot by Nick Jensen.
1:31 of 3rd period - Stopped by Devan Dubnyk without a rebound.
1:32 of 3rd period - Mathew Barzal wins face-off versus Zachary Sanford in UTAH ICE BEARS zone.
2:53 of 3rd period - Shot by Dylan Larkin.
2:53 of 3rd period - Stopped by Devan Dubnyk without a rebound.
2:54 of 3rd period - Ross Colton wins face-off versus Casey Cizikas in UTAH ICE BEARS zone.
2:54 of 3rd period - Alexander Edler is hit by Casey Cizikas and loses puck.
3:49 of 3rd period - Icing by Scott Mayfield.
3:50 of 3rd period - Blake Lizotte wins face-off versus Dylan Larkin in SALEM BLACK JAYS zone.
4:15 of 3rd period - Shot by Mikko Rantanen.
4:15 of 3rd period - Goal by Mikko Rantanen - UTAH ICE BEARS : 1 - SALEM BLACK JAYS : 5.
4:16 of 3rd period - Alex Galchenyuk wins face-off versus Mathew Barzal in neutral zone.
4:40 of 3rd period - Mitchell Marner is hit by Erik Gudbranson and loses puck.
4:58 of 3rd period - Minor Penalty to Erik Gudbranson for Holding.
4:59 of 3rd period - Dylan Larkin wins face-off versus Artem Anisimov in UTAH ICE BEARS zone.
5:00 of 3rd period - Shot by Mitchell Marner.
5:00 of 3rd period - Stopped by Devan Dubnyk with a rebound.
5:54 of 3rd period - Nicholas Paul is hit by Mathew Barzal and loses puck.
6:07 of 3rd period - Shot by Mikko Rantanen.
6:07 of 3rd period - Stopped by Devan Dubnyk without a rebound.
6:08 of 3rd period - Kyle Okposo wins face-off versus Mathew Barzal in UTAH ICE BEARS zone.
6:08 of 3rd period - Kyle Okposo is hit by Mathew Barzal.
6:49 of 3rd period - Icing by Dylan Larkin.
6:50 of 3rd period - Artem Anisimov wins face-off versus Dylan Larkin in SALEM BLACK JAYS zone.
7:04 of 3rd period - Off-side.
7:05 of 3rd period - Casey Cizikas wins face-off versus Blake Lizotte in neutral zone.
7:08 of 3rd period - Shot by Andreas Athanasiou.
7:08 of 3rd period - Shot Misses the Net.
7:28 of 3rd period - Shot by Martin Necas.
7:28 of 3rd period - Stopped by Devan Dubnyk without a rebound.
7:29 of 3rd period - Artem Anisimov wins face-off versus Dylan Larkin in UTAH ICE BEARS zone.
7:40 of 3rd period - Dylan Larkin is hit by Kyle Okposo and loses puck.
8:07 of 3rd period - Shot by Kyle Okposo.
8:07 of 3rd period - Stopped by Juuse Saros without a rebound.
8:08 of 3rd period - Mathew Barzal wins face-off versus Zachary Sanford in SALEM BLACK JAYS zone.
8:08 of 3rd period - Mathew Barzal is hit by Zachary Sanford.
8:13 of 3rd period - Mitchell Marner is hit by Zachary Sanford and loses puck.
8:42 of 3rd period - Shot by Mitchell Marner.
8:42 of 3rd period - Stopped by Devan Dubnyk without a rebound.
8:43 of 3rd period - Casey Cizikas wins face-off versus Robert Lantosi in UTAH ICE BEARS zone.
9:38 of 3rd period - Minor Penalty to Matthew Calvert for Slashing.
9:39 of 3rd period - Dylan Larkin wins face-off versus Alex Galchenyuk in SALEM BLACK JAYS zone.
12:37 of 3rd period - Artem Anisimov is hit by Travis Dermott and loses puck.
13:49 of 3rd period - Shot by Andreas Athanasiou.
13:49 of 3rd period - Stopped by Devan Dubnyk without a rebound.
13:50 of 3rd period - Alex Galchenyuk wins face-off versus Filip Chytil in UTAH ICE BEARS zone.
14:12 of 3rd period - Shot by Filip Chytil.
14:12 of 3rd period - Deflect By Par Lindholm.
14:12 of 3rd period - Goal by Par Lindholm - UTAH ICE BEARS : 1 - SALEM BLACK JAYS : 6.
14:13 of 3rd period - Mathew Barzal wins face-off versus Blake Lizotte in neutral zone.
14:13 of 3rd period - Minor Penalty to Valentin Zykov for Hooking.
14:14 of 3rd period - Artem Anisimov wins face-off versus Mathew Barzal in UTAH ICE BEARS zone.
14:24 of 3rd period - Off-side.
14:25 of 3rd period - Mikko Rantanen wins face-off versus Artem Anisimov in neutral zone.
14:51 of 3rd period - Shot by Mikko Rantanen.
14:51 of 3rd period - Shot Misses the Net.
14:53 of 3rd period - Shot by Joshua Morrissey.
14:53 of 3rd period - Stopped by Devan Dubnyk with a rebound.
14:55 of 3rd period - Shot by Josh Leivo.
14:55 of 3rd period - Stopped by Devan Dubnyk without a rebound.
14:56 of 3rd period - Kyle Okposo wins face-off versus Andreas Athanasiou in UTAH ICE BEARS zone.
14:56 of 3rd period - Kyle Okposo is hit by Mitchell Marner.
15:30 of 3rd period - Shot by Dylan Larkin.
15:30 of 3rd period - Shot Misses the Net.
15:32 of 3rd period - Shot by Mitchell Marner.
15:32 of 3rd period - Shot Misses the Net.
16:18 of 3rd period - Icing by Nick Jensen.
16:19 of 3rd period - Ross Colton wins face-off versus Filip Chytil in SALEM BLACK JAYS zone.
16:19 of 3rd period - Artem Anisimov is hit by Travis Dermott and loses puck.
16:50 of 3rd period - Shot by Par Lindholm.
16:50 of 3rd period - Stopped by Devan Dubnyk with a rebound.
16:52 of 3rd period - Shot by Par Lindholm.
16:52 of 3rd period - Shot Misses the Net.
17:01 of 3rd period - Off-side.
17:02 of 3rd period - Blake Lizotte wins face-off versus Mathew Barzal in neutral zone.
17:02 of 3rd period - Troy Stecher is hit by Josh Leivo and loses puck.
17:07 of 3rd period - Radim Simek is hit by Josh Leivo and loses puck.
17:12 of 3rd period - Shot by Mitchell Marner.
17:12 of 3rd period - Shot Misses the Net.
18:06 of 3rd period - Mitchell Marner is hit by Zachary Sanford and loses puck.
18:26 of 3rd period - Minor Penalty to Zachary Sanford for Hooking.
18:27 of 3rd period - Artem Anisimov wins face-off versus Dylan Larkin in UTAH ICE BEARS zone.
18:35 of 3rd period - Icing by Dylan Larkin.
18:36 of 3rd period - Andreas Athanasiou wins face-off versus Artem Anisimov in SALEM BLACK JAYS zone.
19:05 of 3rd period - Shot by Dylan Larkin.
19:05 of 3rd period - Shot Misses the Net.
Goals for this period are 0 for UTAH ICE BEARS vs 2 for SALEM BLACK JAYS.
Shots for this period are 1 for UTAH ICE BEARS vs 16 for SALEM BLACK JAYS.


CAMERON
TALBOT
ROBERT
THOMAS
JOSHUA
MORRISSEY

EAST COAST

HOCKEY LEAGUE

  • 5.MAN2PIT5
  • 6.NHW2ATL6
  • 7.PET2WOR3
  • 8.RHI15
  • 9.CHIQUE
  • 10.LIMCHA
  • 11.LONTRV
  • 12.BALCHW